 Dungeon Crawl Stone Soup version 0.26.0-45-g9c1d065592 (webtiles) character file.

Game seed: 12741598093538688771

156 kaeus the Stinger (level 5, 0/37 HPs)
             Began as a Gnoll Venom Mage on Jan 31, 2021.
             Was an Initiate of Ashenzari.
             Slain by a gnoll
             ... wielding a +0 whip
              (3 damage)
             ... on level 3 of the Dungeon.
             The game lasted 00:01:56 (2666 turns).

kaeus the Stinger (Gnoll Venom Mage)                Turns: 2666, Time: 00:01:56

Health: 0/37       AC:  4    Str: 10    XL:     5   Next: 37%
Magic:  1/12       EV: 15    Int: 18    God:    Ashenzari [......]
Gold:   63         SH:  0    Dex: 16    Spells: 3/14 levels left

rFire    . . .     SeeInvis .   g - +0 mace (curse)
rCold    . . .     Faith    .   (no shield)
rNeg     . . .     Spirit   .   a - +0 robe
rPois    .         Reflect  .   k - +0 helmet
rElec    .         Harm     .   j - +0 cloak
rCorr    .         Rampage  .   (no gloves)
Will     .....                  (no boots)
Stlth    +++.......             (no amulet)
HPRegen  0.12/turn              (no ring)
MPRegen  0.13/turn              (no ring)

@: no status effects
A: distributed training, fangs 1, strong nose
a: Renounce Religion, Curse Item


You were on level 3 of the Dungeon.
You worshipped Ashenzari.
Ashenzari was noncommittal.
You visited 1 branch of the dungeon, and saw 3 of its levels.

You collected 63 gold pieces.

Inventory:

Hand Weapons
 g - a cursed +0 mace (weapon)
Armour
 a - a +0 robe (worn)
 j - a +0 cloak (worn)
 k - a +0 helmet (worn)
Scrolls
 b - 3 scrolls of remove curse
 c - a scroll of teleportation {unknown}
 d - a scroll of fear {unknown}
 f - a scroll of immolation {unknown}
 h - a scroll of identify {unknown}
 i - a scroll of enchant weapon {unknown}
Potions
 e - a potion of cancellation {unknown}


   Skills:
 + Level 1.4 Fighting
 + Level 1.4 Short Blades
 + Level 1.4 Long Blades
 + Level 1.4 Axes
 + Level 1.4 Maces & Flails
 + Level 1.4 Polearms
 + Level 1.4 Staves
 + Level 1.4 Slings
 + Level 1.4 Bows
 + Level 1.4 Crossbows
 + Level 1.4 Throwing
 + Level 1.4 Armour
 + Level 4.8 Dodging
 + Level 4.4 Stealth
 + Level 1.4 Shields
 + Level 1.4 Unarmed Combat
 + Level 5.2 Spellcasting
 + Level 1.1 Conjurations
 + Level 1.1 Hexes
 + Level 1.1 Summonings
 + Level 1.1 Necromancy
 + Level 1.1 Translocations
 + Level 2.4 Transmutations
 + Level 1.1 Fire Magic
 + Level 1.1 Ice Magic
 + Level 1.1 Air Magic
 + Level 1.1 Earth Magic
 + Level 5.5 Poison Magic
 + Level 1.6 Invocations
 + Level 1.4 Evocations


You had 3 spell levels left.
You knew the following spells:

 Your Spells              Type           Power        Failure   Level
a - Sting                 Tmut/Pois      76%          2%          1
b - Olgreb's Toxic Radia  Pois           24%          13%         4
c - Ignite Poison         Fire/Tmut/Pois 15%          11%         3
d - Mephitic Cloud        Conj/Pois/Air  14%          13%         3

Your spell library contained the following spells:

 Spells                   Type           Power        Failure   Level
 Poisonous Vapours        Pois/Air       32%          4%          2


Dungeon Overview and Level Annotations

Branches:
Dungeon (3/15)

Altars:
Ashenzari
Gozag
The Shining One


Innate Abilities, Weirdness & Mutations

Your experience applies equally to all skills.
You have very sharp teeth.
Your uncanny sense of smell can sniff out nearby items.


Message History

The gnoll hits you with a +0 whip.
The gnoll hits you from afar with a +0 spear.
A gnoll comes into view. It is wielding a +0 whip.
You take 9 damage, and have 15/37 hp.
MASSIVE DAMAGE!!
You now have 1/12 mp.
Casting: Olgreb's Toxic Radiance (quite dangerous; 13% risk of failure)
Confirm with . or Enter, or press ? or * to list all spells.
Okay, then.
You hit the gnoll.
The gnoll is moderately wounded.
The hobgoblin looks even sicker.
You kill the orc!
The gnoll looks even sicker.
The gnoll is poisoned.
Your toxic aura wanes.
You kill the hobgoblin!
The gnoll hits you with a +0 whip.
* * * LOW HITPOINT WARNING * * *
The gnoll hits you from afar with a +0 spear!
* * * LOW HITPOINT WARNING * * *
The gnoll hits you with a +0 whip.
You die...

.. ..# .. ##
.. ## <.##.
####... ...
.....
#.###g.##
#.)@)†..###.
##))g....).o
#....###...
#.#### . #.#
#)# .). .).


You could see 2 gnolls.

Vanquished Creatures
  2 orc wizards (D:3)
  2 adders (D:2)
  2 oozes
  2 worms (D:2)
  3 orcs (D:3)
  A giant cockroach (D:3)
  9 goblins
  9 hobgoblins
  10 jackals
  A quokka (D:2)
  A ball python (D:2)
  8 bats
  3 frilled lizards
  3 kobolds
  6 rats
62 creatures vanquished.

Notes
Turn   | Place    | Note
-------+----------+-------------------------------------------
     0 | D:1      | kaeus the Gnoll Venom Mage began the quest for the Orb.
     0 | D:1      | Reached XP level 1. HP: 13/13 MP: 6/6
   157 | D:1      | Reached XP level 2. HP: 19/19 MP: 4/7
   213 | D:1      | HP: 1/20 [hobgoblin/+0 club (6)]
   677 | D:1      | Reached XP level 3. HP: 25/25 MP: 7/9
   733 | D:1      | Reached skill level 5 in Spellcasting
   761 | D:1      | Found a glowing golden altar of the Shining One.
  1179 | D:2      | Reached skill level 1 in Invocations
  1677 | D:2      | Reached skill level 1 in Fighting
  1677 | D:2      | Reached skill level 1 in Short Blades
  1677 | D:2      | Reached skill level 1 in Long Blades
  1677 | D:2      | Reached skill level 1 in Axes
  1677 | D:2      | Reached skill level 1 in Maces & Flails
  1677 | D:2      | Reached skill level 1 in Polearms
  1677 | D:2      | Reached skill level 1 in Staves
  1677 | D:2      | Reached skill level 1 in Slings
  1677 | D:2      | Reached skill level 1 in Bows
  1677 | D:2      | Reached skill level 1 in Crossbows
  1677 | D:2      | Reached skill level 1 in Throwing
  1677 | D:2      | Reached skill level 1 in Armour
  1677 | D:2      | Reached skill level 1 in Shields
  1677 | D:2      | Reached skill level 1 in Unarmed Combat
  1677 | D:2      | Reached skill level 1 in Evocations
  1867 | D:2      | Reached XP level 4. HP: 32/32 MP: 9/11
  1872 | D:2      | Learned a level 4 spell: Olgreb's Toxic Radiance
  1876 | D:2      | Learned a level 3 spell: Ignite Poison
  1880 | D:2      | Learned a level 3 spell: Mephitic Cloud
  1914 | D:2      | Found a broken altar of Ashenzari.
  1971 | D:2      | Became a worshipper of Ashenzari the Shackled
  2106 | D:2      | Found an opulent altar of Gozag.
  2425 | D:2      | Reached skill level 1 in Conjurations
  2425 | D:2      | Reached skill level 1 in Hexes
  2425 | D:2      | Reached skill level 1 in Summonings
  2425 | D:2      | Reached skill level 1 in Necromancy
  2425 | D:2      | Reached skill level 1 in Translocations
  2425 | D:2      | Reached skill level 1 in Fire Magic
  2425 | D:2      | Reached skill level 1 in Ice Magic
  2425 | D:2      | Reached skill level 1 in Air Magic
  2425 | D:2      | Reached skill level 1 in Earth Magic
  2637 | D:3      | Reached XP level 5. HP: 26/37 MP: 0/12
  2666 | D:3      | Slain by a gnoll

Illustrated notes

Levels and vault maps discovered:
D:1:      dpeg_arrival_court, layout_basic, tso_altar
D:2:      layout_basic, grunt_gozag_statues, nicolae_ashenzari_panopticon
D:3:      layout_rooms, general_overflow_altar, gup_sewer_entry_pipe

Skill      XL: |  1  2  3  4 |
---------------+-------------+-----
Transmutations | 2 |  2.4
Spellcasting   | 5 |  5.2
Invocations    | 1 |  1.6
Fighting       | 1 |  1.4
Short Blades   | 1 |  1.4
Long Blades    | 1 |  1.4
Axes           | 1 |  1.4
Maces & Flails | 1 |  1.4
Polearms       | 1 |  1.4
Staves         | 1 |  1.4
Slings         | 1 |  1.4
Bows           | 1 |  1.4
Crossbows      | 1 |  1.4
Throwing       | 1 |  1.4
Armour         | 1 |  1.4
Shields        | 1 |  1.4
Unarmed Combat | 1 |  1.4
Evocations     | 1 |  1.4
Conjurations   | 1 |  1.1
Hexes          | 1 |  1.1
Summonings     | 1 |  1.1
Necromancy     | 1 |  1.1
Translocations | 1 |  1.1
Fire Magic     | 1 |  1.1
Ice Magic      | 1 |  1.1
Air Magic      | 1 |  1.1
Earth Magic    | 1 |  1.1
Dodging        | |  4.8
Stealth        | |  4.4
Poison Magic   | |  5.5

Action                   |  1- 3 |  4- 6 || total
-------------------------+-------+-------++-------
Melee: Dagger            |    33 |       ||    33
       Bite              |     6 |     3 ||     9
       Mace              |    18 |    30 ||    48
 Cast: Sting             |    49 |    11 ||    60
       Olgreb's Toxic Ra |       |     3 ||     3
       Ignite Poison     |       |     1 ||     1
Armor: Robe              |     5 |    12 ||    17
Dodge: Dodged            |    31 |    54 ||    85
